 Dungeon Crawl Stone Soup version 0.29-a0-234-g0dae59b3db (webtiles) character file.

Game seed: 90843030080245850

2 spaghetti the Sneak (level 1, 0/18 HPs)
             Began as a Mummy Delver on Mar 3, 2022.
             Slain by a kobold
             ... wielding a +1 dagger of protection
              (1 damage)
             ... on level 3 of the Dungeon.
             The game lasted 00:01:02 (441 turns).

spaghetti the Sneak (Mummy Delver)                   Turns: 441, Time: 00:01:02

Health: 0/18       AC:  3    Str: 15    XL:     1   Next: 33%
Magic:  1/1        EV: 11    Int:  9    God:
Gold:   5          SH:  0    Dex: 13    Spells: 0/0 levels left

rFire   x . .      SeeInvis .   a - +0 falchion {long}
rCold   + . .      Faith    .   (no shield)
rNeg    + + +      Spirit   .   b - +0 leather armour
rPois   ∞          Reflect  .   (no helmet)
rElec   .          Harm     .   (no cloak)
rCorr   .          Rampage  .   (no gloves)
Will    .....                   (no boots)
Stlth   ++........              (no amulet)
HPRegen 0.06/turn               (no ring)
MPRegen 0.07/turn               (no ring)

@: no status effects
A: cold resistance 1, negative energy resistance 3, torment resistance 2, heat
vulnerability 1, no potions
a: no special abilities


You were on level 3 of the Dungeon.
You visited 1 branch of the dungeon, and saw 4 of its levels.

You collected 5 gold pieces.


Innate Abilities, Weirdness & Mutations

You are immune to poison.
Your flesh is cold resistant. (rC+)
You are immune to negative energy. (rN+++)
You are immune to unholy pain and torment.
You are vulnerable to heat. (rF-)
You do not drink.


   Skills:
 + Level 3.2 Fighting
 - Level 1.5 Long Blades
 - Level 1.5 Dodging
 - Level 4.1 Stealth


You couldn't memorise any spells.
You didn't know any spells.
Your spell library was empty.

Inventory:

Hand Weapons
 a - a +0 falchion (weapon) {long}
Armour
 b - a +0 leather armour (worn)
Wands
 f - a wand of digging (3)
Scrolls
 c - a scroll of fog
 d - a scroll of magic mapping {!r}

Dungeon Overview and Level Annotations

Branches:
Dungeon (6/15)
 Temple: D:4-7

Altars:

Annotations:
D:4 Eustachio
D:6 Dowan, Duvessa

#.# #.#### #..... #.....
# #.##.# .#
#######.##.########.#.##.
...............?.........
..#####.##.######K#.#.##
..# #.........@........
..# ####.######(#.#.###
..# #.# #.#... ..# #.#
#.# ... ..# ... #.# .....
..# #.# #.# .... ..# #.#
#.# .... ..# #.# .r ..#


You could see a quokka (asleep) and a kobold.


Message History

😎 HP[+10]
Your hp is fully restored (18).
You now have 5 gold pieces.
Found a stone staircase leading up.
Found a stone staircase leading up.
You see here a metallic blue potion.
There is a stone staircase leading up here.
An endoplasm comes into view.
The endoplasm quivers.
You see here a metallic blue potion.
You closely miss Eustachio.
Eustachio shouts!
Eustachio hits you with a +0 rapier. Eustachio hits you with a +0 rapier!
* * * LOW HITPOINT WARNING * * *
😨 HP[-11]
You take 11 damage, and now have 7/18 hp.
MASSIVE DAMAGE!! (PAUSE)
You barely miss Eustachio. Eustachio hits you with a +0 rapier.
* * * LOW HITPOINT WARNING * * *
😱 HP[-4]
You take 4 damage, and now have 3/18 hp.
MASSIVE DAMAGE!! (PAUSE)
As you read the scroll of fear, it crumbles to dust.
You assume a fearsome visage.
Eustachio looks frightened!
The endoplasm looks frightened!
Eustachio gestures wildly while chanting.
Eustachio blinks!
Eustachio casts a spell.
Eustachio blinks!
Eustachio casts a spell.
Eustachio blinks!
There is a stone staircase leading up here. 😱 HP[+1] Eustachio casts a spell.
Eustachio blinks!
You climb upwards.
There is a stone staircase leading down here.
Unknown command.
Unknown command.
You start resting.
An adder comes into view. 😨 HP[+2]
You regained 2 hp, and now have 6/18 hp.
An endoplasm comes into view. 😨 HP[+1]
There is a stone staircase leading down here.
You start resting.
A dart slug comes into view. 😮 HP[+3]
You regained 3 hp, and now have 10/18 hp.
A dart slug is nearby!
A kobold comes into view.
It is wielding a +1 dagger of protection.
The kobold shouts!
The dart slug bites you but does no damage.
You barely miss the dart slug. The dart slug launches a dart at you.
The slug dart hits you.
* * * LOW HITPOINT WARNING * * *
😨 HP[-2]
You take 2 damage, and now have 8/18 hp.
You hit the dart slug. You hit the dart slug. The dart slug barely misses you.
You barely miss the dart slug. The kobold barely misses you.
The dart slug bites you.
* * * LOW HITPOINT WARNING * * *
😨 HP[-1]
You take 1 damage, and now have 7/18 hp.
You hit the dart slug but do no damage. The kobold hits you but does no damage.
The dart slug barely misses you. The kobold barely misses you.
You hit the dart slug.
The kobold hits you with a +1 dagger of protection.
* * * LOW HITPOINT WARNING * * *
The dart slug bites you.
* * * LOW HITPOINT WARNING * * *
😱 HP[-4]
You take 4 damage, and now have 3/18 hp.
MASSIVE DAMAGE!! (PAUSE)
You hit the dart slug but do no damage.
The kobold hits you with a +1 dagger of protection.
* * * LOW HITPOINT WARNING * * *
The dart slug misses you. 😱 HP[-1]
You take 1 damage, and now have 2/18 hp.
You hit the dart slug but do no damage. The kobold hits you but does no damage.
The dart slug closely misses you.
You hit the dart slug but do no damage. The kobold barely misses you. 😱 HP[+1]
You hit the dart slug.
You kill the dart slug!
The kobold hits you but does no damage. The kobold barely misses you.
You barely miss the kobold. The kobold hits you but does no damage.
You hit the kobold but do no damage.
The kobold hits you with a +1 dagger of protection.
* * * LOW HITPOINT WARNING * * *
😱 HP[-2]
You take 2 damage, and now have 1/18 hp.
You see here a scroll labelled UVUP SOMOTRAGI.
A quokka comes into view.
The kobold hits you with a +1 dagger of protection.
You die...

Action                   || total
-------------------------++-------
Melee: Falchion          ||    22
  Use: Scroll            ||     1
Armor: Leather armour    ||     5
Dodge: Dodged            ||    15

Levels and vault maps discovered:
D:3:      minmay_wonky_spiral, layout_basic
D:4:      layout_basic, nicolae_overflow_crystal_walls, serial_aquarium,
          aquarium_bridge_square [aquarium_subvault_window,
          aquarium_subvault_bridge, aquarium_subvault_balcony,
          aquarium_subvault_window], aquarium_window_fake, aquarium_window_1,
          aquarium_window_1, aquarium_window_1, aquarium_view_2a,
          aquarium_view_2b, aquarium_pool_four, minivault_26,
          hangedman_abyss_or_decor_jellyfish_corner, minmay_gold_behind_fungi,
          chequers_serial_rivers_small_3, uniq_robin, uniq_eustachio
D:5:      minmay_goblin_kobold_castle, layout_basic, lemuel_tele_altar,
          gup_sewer_entry_spiral
D:6:      layout_cave_pools, minmay_temple_entry_statues_fountains,
          serial_gnoll_camp, gnoll_camp_medium_02, gnoll_camp_mini_doghouse,
          gnoll_camp_mini_shop, gnoll_camp_huts_moat, gnoll_camp_mini_doghouse,
          uniq_duvessa

Notes
Turn   | Place    | Note
-------+----------+-------------------------------------------
     0 | D:5      | spaghetti the Mummy Delver began the quest for the Orb.
     0 | D:5      | Reached XP level 1. HP: 18/18 MP: 1/1
     0 | D:5      | magus.rc [v1.9.6]
     8 | D:5      | Noticed a wight
    15 | D:6      | Noticed Duvessa
    15 | D:6      | Noticed Dowan
    43 | D:5      | Noticed a scorpion
    49 | D:5      | Noticed an orc priest
    75 | D:4      | Noticed Eustachio
    85 | D:4      | Noticed an iron imp
    85 | D:4      | Noticed a crimson imp
   311 | D:4      | HP: 3/18 [Eustachio/+0 rapier (4)]
   426 | D:3      | HP: 3/18 [dart slug (2)]
   432 | D:3      | HP: 1/18 [kobold/+1 dagger of protection (2)]
   441 | D:3      | Slain by a kobold

Vanquished Creatures
  A dart slug (D:3)
1 creature vanquished.

Vanquished Creatures (others)
  9 fungi (D:4)
  6 toadstools (D:4)
15 creatures vanquished.

Grand Total: 16 creatures vanquished

Table legend:
 A = Non-vault XP
 B = Vault XP
 C = Vault XP percentage of total XP
 D = Non-vault monster count
 E = Vault monster count
 F = Vault count percentage of total count
                 A         B        C        D         E       F
            +---------+---------+-------+---------+---------+-------
      Total |       4 |       0 |   0.0 |       1 |       0 |   0.0
            +---------+---------+-------+---------+---------+-------
        D:3 |       4 |       0 |   0.0 |       1 |       0 |   0.0
            +---------+---------+-------+---------+---------+-------

Illustrated notes

Table legend:
 A = Kills in this place as a percentage of kills in entire the game.
 B = Kills by you in this place as a percentage of kills by you in the entire game.
 C = Kills by friends in this place as a percentage of kills by friends in the entire game.
 D = Other kills in this place as a percentage of other kills in the entire game.
 E = Experience gained in this place as a percentage of experience gained in the entire game.
 F = Experience gained in this place divided by the number of levels of this place that you have seen.
                   A       B       C       D       E      F
               +-------+-------+-------+-------+-------+----------------------
         Total | 100.0 | 100.0 |   N/A |   N/A | 100.0 |   1.0
       Dungeon | 100.0 | 100.0 |   N/A |   N/A | 100.0 |   1.0
               +-------+-------+-------+-------+-------+----------------------

Table legend: (Time is in decaauts)
 A = Elapsed time spent in this place.
 B = Non-inter-level travel time spent in this place.
 C = Inter-level travel time spent in this place.
 D = Time resting spent in this place.
 E = Time spent auto-exploring this place.
 F = Levels seen in this place.
 G = Mean time per level.
                   A        B        C        D        E       F      G
               +--------+--------+--------+--------+--------+-----+--------+
         Total |    445 |    445 |      0 |    235 |     86 |   4 |  111.2 |
       Dungeon |    445 |    445 |      0 |    235 |     86 |   4 |  111.2 |
               +--------+--------+--------+--------+--------+-----+--------+

Top non-repeatable levels by time:
     D:4: 267 daAuts
     D:3: 127 daAuts
     D:5: 45 daAuts
     D:6: 5 daAuts
